 Dungeon Crawl Stone Soup version 0.16-b1 (webtiles) character file.

308665 McCoppin the Imperceptible (level 21, -14/153 HPs)
             Began as an Octopode Berserker on Mar 12, 2015.
             Was the Champion of Trog.
             Demolished by a vault warden
             ... wielding a +0 bardiche
              (30 damage)
             ... while paralysed by a great orb of eyes
             ... on level 3 of the Vaults on Mar 13, 2015.
             The game lasted 05:59:20 (52190 turns).

McCoppin the Imperceptible (Octopode Berserker)    Turns: 52190, Time: 05:59:20

Health: -14/153    AC: 18    Str: 14    XL:     21   Next: 21%
Magic:  22/22      EV:  2    Int:  8    God:    Trog [******]
Gold:   3691       SH:  0    Dex: 24    Spells: 0 memorised, 20 levels left

rFire  + . .     SeeInvis +     a - +10 rapier "Killer Bee's Bane" {drain, rPois rC+ Int-2}
rCold  + + .     Clarity  +     r - +2 shield
rNeg   . . .     SustAb   .     D - +2 hat
rPois  +         Gourm    .     F - amulet of regeneration
rElec  .         Spirit   .     l - +4 ring of protection
rCorr  .         Warding  .     T - +4 ring of protection
rMut   .         Stasis   .     m - ring of stealth
MR     +....                    W - +4 ring of protection
Stlth  ++++++++++               k - +5 ring of dexterity
                                s - ring of protection from fire
                                B - ring of poison resistance
                                G - ring of stealth

@: paralysed, exhausted, marked, slowed, drained, somewhat resistant to hostile
enchantments, uncannily stealthy
A: almost no armour, amphibious, 8 rings, constrict 8, tentacle spike 1, thin
metallic scales 1, camouflage 1, see invisible, clarity, clumsy 1, cold
resistance 1, high mp 1, regeneration 2, shaggy fur 1, spit poison 1, weak 1,
gelatinous body 1
a: Spit Poison, Burn Spellbooks, Berserk, Trog's Hand, Brothers in Arms,
Renounce Religion
}: 2/15 runes: decaying, serpentine


You were on level 3 of the Vaults.
You worshipped Trog.
Trog was exalted by your worship.
You were not hungry.

You visited 6 branches of the dungeon, and saw 40 of its levels.
You visited the Abyss 1 time.
You also visited: Labyrinth, Bailey and Ice Cave.

You collected 5961 gold pieces.
You spent 2270 gold pieces at shops.

Inventory:

Hand weapons
 a - the +10 rapier "Killer Bee's Bane" (weapon) {drain, rPois rC+ Int-2}
   (Trog gifted it to you on level 4 of the Orcish Mines)

   A truly terrible weapon, it drains the life of those it strikes.
   It affects your intelligence (-2).
   It protects you from cold.
   It protects you from poison.
 b - a +0 blowgun
 y - a +4 antimagic triple sword
Missiles
 h - 76 poisoned needles
 v - 7 needles of frenzy
 Z - 11 curare-tipped needles
Armour
 r - a +2 shield (worn)
 D - a +2 hat (worn)
Jewellery
 k - a +5 ring of dexterity (on tentacle)
 l - a +4 ring of protection (left tentacle)
 m - a ring of stealth (on tentacle)
 s - a ring of protection from fire (on tentacle)
 B - a ring of poison resistance (on tentacle)
 C - a +2 ring of evasion
 F - an amulet of regeneration (around mantle)
 G - a ring of stealth (on tentacle)
 R - an uncursed ring of protection from fire
 T - a +4 ring of protection (right tentacle)
 W - a +4 ring of protection (on tentacle)
Magical devices
 A - a wand of disintegration (5)
 H - a wand of digging (13)
 Q - a wand of teleportation (4)
Scrolls
 c - 2 scrolls of immolation
 d - a scroll of magic mapping
 f - a scroll of vulnerability
 j - 5 scrolls of recharging
 o - 2 scrolls of enchant armour
 p - 9 scrolls of identify
 t - 2 scrolls of fog
 z - 13 scrolls of remove curse
 K - 4 scrolls of summoning
 N - a scroll of fear
 O - 3 scrolls of teleportation
Potions
 i - 6 potions of invisibility
 n - 3 potions of curing
 q - 2 potions of might
 x - 3 potions of agility
 E - 2 potions of flight
 J - 2 potions of haste
 L - a potion of ambrosia
 M - a potion of magic
 S - 4 potions of restore abilities
Books
 e - a book of Hinderance

   Spells                             Type                      Level
   a - Confusing Touch                Hexes                        2
   b - Confuse                        Hexes                        3
   c - Petrify                        Transmutation/Earth          4
   d - Metabolic Englaciation         Hexes/Ice                    5
   e - Gell's Gravitas                Hexes/Translocation          5
   f - Summon Mana Viper              Hexes/Summoning              5
   Trog disapproves of the use of such an item.
 I - a book of Beasts

   Spells                             Type                      Level
   a - Summon Butterflies             Summoning                    1
   b - Call Canine Familiar           Summoning                    3
   c - Summon Ice Beast               Ice/Summoning                4
   d - Summon Mana Viper              Hexes/Summoning              5
   e - Monstrous Menagerie            Summoning                    6
   f - Summon Hydra                   Summoning                    7
   Trog disapproves of the use of such an item.
Miscellaneous
 u - a lamp of fire
 X - a disc of storms
 Y - a sack of spiders
Comestibles
 g - 14 fruits


   Skills:
 - Level 15.6(14.9) Fighting
 - Level 16.1(15.4) Short Blades
 - Level 15.1(14.4) Dodging
 + Level 26.6(25.8) Stealth
 - Level 15.0(14.3) Shields


You had 20 spell levels left.
You didn't know any spells.

Dungeon Overview and Level Annotations

Branches:
Dungeon (15/15)            Temple (0/1) D:7            Lair (8/8) D:11
  Swamp (5/5) Lair:5        Snake (5/5) Lair:5        Slime (0/6) Lair:6
    Orc (4/4) D:10            Elf (0/3) Orc:3        Vaults (3/5) D:14
  Crypt (0/3) Vaults:2     Depths (0/5) D:15

Altars:
Ashenzari
Fedhas
Gozag
Makhleb
Okawaru
Ru
Sif Muna
Trog
Vehumet
Xom
Yredelemnul
Jiyva

Shops:
D:8 %   D:9 =   Orc:2 *   Orc:3 =   Orc:4 !*(}}   Vaults:1 (**   Vaults:3 =

Portals:
Hell: Lair:8
Pandemonium: Orc:4


Innate Abilities, Weirdness & Mutations

You cannot wear most types of armour.
You are amphibious.
You can wear up to eight rings at the same time.
You can use your tentacles to constrict many enemies at once.
Your skin changes colour to match your surroundings (Stealth).
Your rubbery body absorbs attacks (AC +1).
One of your tentacles bears a spike.
You are partially covered in thin metallic scales (AC +2).
You have supernaturally acute eyesight.
You possess an exceptional clarity of mind.
You are clumsy. (Dex -2)
Your flesh is cold resistant.
You have an increased reservoir of magic (+10% MP).
You heal very quickly.
You are covered in fur (AC +1).
You can spit poison.
You are weak. (Str -2)


Message History

Your deep troll closely misses the vault sentinel.
The vault warden activates a sealing rune.
The vault warden hits you from afar with a bardiche!!!
Your deep troll barely misses the vault sentinel. x2
Your deep troll claws the vault sentinel.
The great orb of eyes bites you.
The ironbrand convoker hits you with a flail of draining!!
* * * LOW HITPOINT WARNING * * *
You feel drained.
* * * LOW HITPOINT WARNING * * *
The vault sentinel blows a loud note on a signal horn!
Your deep troll bites the vault sentinel!!
The vault sentinel dies!
Trog accepts your kill.
Trog appreciates your killing of a magic user.
The great orb of eyes bites you.
* * * LOW HITPOINT WARNING * * *
The vault warden activates a sealing rune.
The vault warden hits you from afar with a bardiche!!
You die...

#....# ......# .......#
........# .....p..#
........#
###########.(.CTp#######
..........#....p.#.....#
#########.#....G@#)....#
#.#.#[..#.#......+§....#
#.'.##+##.#......#)p...#
#(#.....#.#......#.(...#
###.(.###.#......#.....#
#...))#)#.#......#######
##'##)).#.#......#
#...#(#.#.#......#
#####(###.#......#


You could see a stone giant, a vault warden, a great orb of eyes, a vault
sentinel, an ironbrand convoker and a friendly deep troll (berserk).

Vanquished Creatures
  A sphinx (Vaults:3)
  An Executioner (Vaults:1)
  Agnes (Snake:5)
  5 greater nagas (Snake:5)
  A frost giant (IceCv)
  Wiglaf (Snake:5)
  10 vault wardens
  Aizul (Snake:5)
  A deep elf sorcerer (Vaults:1)
  12 ironheart preservers
  An orc warlord (Orc:3)
  A stone giant (Vaults:3)
  2 very ugly things
  A deep elf demonologist (Vaults:1)
  A deep elf annihilator (Vaults:1)
  A dire elephant (Lair:8)
  2 deep elf death magi (Vaults:1)
  3 ettins
  2 death oozes (Swamp:5)
  2 green deaths (Swamp:5)
  A fire dragon (D:15)
  4 yaktaur captains
  A minotaur (Lab)
  6 vault guards
  19 hydras
  The ghost of abixa the Severer, a powerful MiBe of Trog (IceCv)
  15 naga warriors
  2 ice dragons
  2 ghost crabs
  A ghost crab (shapeshifter) (D:14)
  8 alligators
  21 anacondas
  6 ogre magi
  2 deep troll earth magi (Vaults:2)
  3 centaur warriors
  A hell beast (Swamp:5)
  2 death yaks (IceCv)
  2 tengu warriors
  8 shock serpents
  17 naga sharpshooters
  9 orc high priests
  A soul eater (Vaults:1)
  A sun demon (Lair:8)
  4 hell knights (Vaults:1)
  A skeletal warrior (Vaults:2)
  3 fire crabs
  Erolcha (D:10)
  6 salamander mystics
  5 unseen horrors
  10 swamp dragons
  A sea snake (Snake:5)
  2 giant orange brains
  4 naga ritualists
  A spriggan druid (Swamp:4)
  2 necromancers
  2 gelid demonspawn (Orc:4)
  7 deep trolls (Vaults:2)
  A deep elf summoner (Vaults:1)
  An infernal demonspawn (Orc:4)
  2 ice statues
  7 hill giants
  3 wizards
  11 ironbrand convokers
  A wolf spider zombie (D:15)
  2 lindwurms (Snake:5)
  The ghost of McCoppin the Carver, an experienced HuFi of Zin (D:6)
  10 salamanders
  2 sixfirhies
  3 griffons
  2 manticores (D:15)
  21 mana vipers
  3 cyclopes
  11 orc knights
  4 hornets
  3 large abominations (Swamp:5)
  4 orc sorcerers
  23 ugly things
  43 black mambas
  An octopode (shapeshifter) (Vaults:2)
  8 elephants
  9 guardian serpents
  A gargoyle (D:13)
  8 orange demons
  A rust devil (Orc:4)
  6 vault sentinels
  2 torpor snails
  11 komodo dragons
  18 spiny frogs
  30 naga magi
  An elf (shapeshifter) (Vaults:1)
  19 yaktaurs
  A redback zombie (D:15)
  5 fire drakes
  3 deep elf priests
  A hellwing (Orc:4)
  3 red devils (Lair:8)
  6 wandering mushrooms (Lab)
  5 giant leeches
  Sonja (Swamp:1)
  5 freezing wraiths
  6 two-headed ogres
  54 slime creatures
  9 trolls
  A tengu conjurer (Swamp:4)
  Grinder (D:5)
  15 polar bears
  A raiju (shapeshifter) (Vaults:3)
  2 boulder beetles
  26 blink frogs
  17 ravens
  5 baby alligators
  8 bog bodies
  3 wyverns
  A trapdoor spider (D:13)
  A trapdoor spider zombie (D:9)
  4 wraiths
  2 redbacks (Vaults:3)
  10 spriggans
  A ynoxinul (Orc:4)
  A human simulacrum (Vaults:3)
  8 basilisks
  26 vampire mosquitoes
  64 yaks
  6 shadows
  Eustachio (D:4)
  3 deep elf magi
  4 fire bats (Lair:8)
  A hog (shapeshifter) (Vaults:1)
  A chaos spawn (Orc:4)
  2 hungry ghosts
  2 wargs
  A steam dragon (D:15)
  11 hippogriffs
  8 deep elf fighters
  48 nagas
  29 swamp worms
  8 insubstantial wisps
  Menkaure (D:6)
  19 wolves
  An infernal demonspawn zombie (Orc:4)
  A hell hound (Lair:8)
  29 water moccasins
  44 orc warriors
  16 ice beasts
  14 porcupines
  A soldier ant (shapeshifter) (D:14)
  10 swamp drakes
  4 black bears
  A phantom (D:8)
  4 sky beasts
  A black bear (shapeshifter) (D:14)
  8 wasps
  16 centaurs
  4 necrophages (D:8)
  43 ogres
  Duvessa (D:6)
  22 crocodiles
  3 boring beetles
  A brain worm (Lair:1)
  A small abomination (D:13)
  3 big kobolds
  A gnoll sergeant (D:7)
  A yaktaur zombie (Vaults:3)
  3 wyvern zombies
  26 giant frogs
  An orc simulacrum (Vaults:1)
  3 scorpions
  A water moccasin skeleton (D:5)
  3 wyvern skeletons
  13 wights
  11 electric eels
  4 crimson imps
  A wasp zombie (D:9)
  A goliath beetle (D:6)
  Dowan (D:6)
  7 centaur skeletons
  11 hounds
  9 centaur zombies
  4 jellies
  29 orc priests
  An iguana (D:10)
  27 orc wizards
  11 worker ants
  A hell rat (Vaults:1)
  18 sheep
  Terence (D:2)
  A hound skeleton (D:8)
  2 worker ant zombies
  5 orc zombies (Orc:4)
  Robin (D:3)
  85 river rats
  6 gnolls
  5 shadow imps
  19 adders
  A giant mite (D:6)
  16 worms
  2 white imps (D:13)
  2 ufetubi (Orc:4)
  An adder zombie (D:8)
  4 giant geckos
  3 oozes
  214 orcs
  A bat skeleton (D:7)
  4 giant cockroaches
  24 hobgoblins
  13 jackals
  15 bats
  2 giant gecko skeletons
  6 giant newts
  2 giant spores
  32 goblins
  28 kobolds
  15 quokkas
  A quokka zombie (D:5)
  13 rats
  18 ballistomycetes
  A bush (D:8)
  3 plants
1908 creatures vanquished.

Vanquished Creatures (collateral kills)
  Rupert (Lair:3)
  A greater naga (Snake:5)
  A salamander mystic (Snake:5)
  2 lindwurms (Snake:5)
  2 hill giants (D:10)
  An orc knight (Bailey)
  A vault sentinel (Vaults:3)
  A spiny frog (Lair:3)
  A hellwing (Lair:8)
  A troll (Orc:3)
  A blue devil (Lair:8)
  A yak (Lair:8)
  A warg (Orc:3)
  A naga (Snake:5)
  A hell hound (Lair:8)
  2 orc warriors
  A crimson imp (D:10)
  An orc priest (D:10)
  An adder (Lair:3)
  16 orcs
38 creatures vanquished.

Vanquished Creatures (others)
  2 deep trolls
  A naga ritualist (Snake:1)
  3 hill giants
  An ugly thing (D:15)
  A guardian serpent (Snake:5)
  A naga mage (Snake:5)
  A polar bear (IceCv)
  2 trolls
  A fire elemental (Lair:8)
  A wolf (IceCv)
  A naga (Snake:5)
  An insubstantial wisp (Swamp:2)
  A swamp worm (Swamp:4)
  2 lost souls (Vaults:1)
  An adder (Lair:5)
  A giant mite (Lair:8)
  An orc (Orc:3)
  A giant spore (D:12)
  7 fungi
  3 plants
33 creatures vanquished.

Grand Total: 1979 creatures vanquished

Notes
Turn   | Place    | Note
--------------------------------------------------------------
     0 | D:1      | McCoppin, the Octopode Berserker, began the quest for the Orb.
     0 | D:1      | Reached XP level 1. HP: 16/16 MP: 1/1
   139 | D:1      | Reached XP level 2. HP: 21/21 MP: 2/2
   680 | D:1      | Reached skill level 4 in Short Blades
   723 | D:1      | Reached XP level 3. HP: 24/26 MP: 3/3
   772 | D:1      | Acquired Trog's second power
  1772 | D:2      | Reached XP level 4. HP: 20/31 MP: 4/4
  1907 | D:2      | Found a basalt altar of Yredelemnul.
  2154 | D:2      | Found a deep blue altar of Sif Muna.
  2214 | D:2      | Reached skill level 5 in Short Blades
  2223 | D:2      | Found an opulent altar of Gozag.
  2230 | D:2      | Noticed Terence
  2240 | D:2      | Killed Terence
  2905 | D:3      | Reached XP level 5. HP: 36/36 MP: 5/5
  2985 | D:3      | Noticed Robin
  3023 | D:3      | Killed Robin
  3215 | D:4      | Noticed Eustachio
  3239 | D:4      | Killed Eustachio
  3239 | D:4      | Reached skill level 6 in Short Blades
  3239 | D:4      | Reached XP level 6. HP: 28/42 MP: 6/6
  3375 | D:4      | Reached skill level 7 in Short Blades
  3607 | D:4      | Found an iron altar of Okawaru.
  3927 | D:4      | HP: 2/42 [poisoned by kobold (curare-tipped needle)]
  4682 | D:4      | Reached XP level 7. HP: 46/46 MP: 7/7
  4684 | D:4      | Acquired Trog's third power
  4800 | D:5      | Entered Level 5 of the Dungeon
  4895 | D:5      | Reached skill level 8 in Short Blades
  5039 | D:5      | Reached skill level 1 in Shields
  5056 | D:5      | Gained mutation: Your natural rate of healing is unusually fast. [mutagenic meat]
  5057 | D:5      | Gained mutation: One of your tentacles bears a spike. [mutagenic meat]
  5058 | D:5      | Gained mutation: You have an increased reservoir of magic (+10% MP). [mutagenic meat]
  5522 | D:5      | Reached XP level 8. HP: 47/52 MP: 8/8
  5621 | D:5      | Noticed Grinder
  5633 | D:5      | Killed Grinder
  5633 | D:5      | Reached skill level 5 in Shields
  5827 | D:5      | Reached skill level 1 in Stealth
  5878 | D:6      | Noticed Dowan
  5878 | D:6      | Noticed Duvessa
  6069 | D:6      | Noticed McCoppin's ghost (experienced HuFi)
  6082 | D:6      | Killed McCoppin's ghost
  6082 | D:6      | Reached skill level 5 in Dodging
  6142 | D:6      | Noticed Menkaure
  6215 | D:6      | Killed Menkaure
  6215 | D:6      | Reached XP level 9. HP: 21/56 MP: 9/9
  6631 | D:6      | Found a sand-covered staircase.
  6712 | D:6      | Reached skill level 9 in Stealth
  6773 | D:6      | Received a gift from Trog
  6990 | D:6      | Killed Dowan
  7042 | D:6      | Killed Duvessa
  7042 | D:6      | Reached skill level 10 in Stealth
  7746 | D:7      | Received a gift from Trog
  7746 | D:7      | Reached skill level 11 in Stealth
  8288 | D:7      | Found a staircase to the Ecumenical Temple.
  8359 | D:7      | Reached XP level 10. HP: 59/63 MP: 11/11
  8365 | D:7      | Reached skill level 12 in Stealth
  8927 | D:8      | Found Ebuus' Food Boutique.
  8961 | D:8      | Received a gift from Trog
  8995 | D:8      | Found a flagged portal.
  9017 | Bailey   | Entered a bailey
  9135 | Bailey   | Reached skill level 5 in Fighting
  9216 | Bailey   | Noticed an orc knight
  9243 | Bailey   | Noticed an orc knight
  9263 | Bailey   | Killed an orc knight
  9267 | Bailey   | Killed an orc knight
  9291 | Bailey   | Noticed an orc knight
  9331 | Bailey   | Killed an orc knight
  9512 | Bailey   | Noticed an orc knight
  9512 | Bailey   | Noticed an orc knight
  9533 | Bailey   | Killed an orc knight
  9537 | Bailey   | Killed an orc knight
  9919 | D:8      | Found a shattered altar of Ashenzari.
  9928 | D:8      | Found a bloodstained altar of Trog.
 10139 | D:8      | Reached XP level 11. HP: 75/75 MP: 12/12
 10691 | D:8      | Found a blossoming altar of Fedhas.
 10985 | D:9      | Found a sacrificial altar of Ru.
 11030 | D:9      | Received a gift from Trog
 11091 | D:9      | Found Pekoemot's Jewellery Shop.
 11105 | D:9      | Bought a +4 ring of protection for 432 gold pieces
 11267 | D:9      | You fall through a shaft for 2 floors!
 11298 | D:10     | Entered Level 10 of the Dungeon
 11648 | D:10     | Gained mutation: You possess an exceptional clarity of mind. [mutagenic meat]
 11891 | D:10     | Noticed a hill giant
 11923 | D:10     | Noticed a hill giant
 11928 | D:10     | Killed a hill giant
 11932 | D:10     | Killed a hill giant
 11940 | D:10     | Reached skill level 10 in Dodging
 11989 | D:10     | Found a staircase to the Orcish Mines.
 12092 | D:10     | Received a gift from Trog
 12286 | D:10     | Noticed Erolcha
 12295 | D:10     | Killed Erolcha
 12450 | D:10     | Killed an unseen horror
 12776 | D:9      | Found a shimmering altar of Xom.
 12919 | D:9      | Got a brightly glowing whip
 12920 | D:9      | Identified the cursed +0 whip of Zin's Generosity {slash, MR+ Str+4 Dex-4} (You found it on level 9 of the Dungeon)
 13645 | D:11     | Reached XP level 12. HP: 70/82 MP: 13/13
 13680 | D:11     | Found a staircase to the Lair.
 14206 | D:11     | Gained mutation: You are partially covered in thin metallic scales (AC +2). [mutagenic meat]
 14207 | D:11     | Gained mutation: Your body is slowly deteriorating. [mutagenic meat]
 14208 | D:11     | Gained mutation: You are clumsy. (Dex -2) [mutagenic meat]
 14278 | D:11     | Noticed a hill giant
 14315 | D:11     | Killed a hill giant
 14667 | D:11     | Gained mutation: You heal very quickly. [mutagenic meat]
 14669 | Lair:1   | Entered Level 1 of the Lair of Beasts
 14890 | Lair:1   | Noticed an eight-headed hydra
 15068 | D:12     | Received a gift from Trog
 15086 | D:12     | Identified the Almanac of Plaster Cramp
 15097 | D:12     | Identified the Almanac of Dhcmrlchtdj
 15131 | D:12     | Identified Ts'ui Pên's Catalogue of Forking Paths
 15901 | D:11     | Gained mutation: You can spit poison. [potion of beneficial mutation]
 15902 | D:11     | Gained mutation: Your flesh is cold resistant. [potion of beneficial mutation]
 15913 | Lair:1   | Killed an eight-headed hydra
 15913 | Lair:1   | Reached skill level 10 in Shields
 16101 | Lair:1   | Received a gift from Trog
 17157 | Lair:2   | Reached XP level 13. HP: 88/88 MP: 14/14
 18218 | Lair:3   | Received a gift from Trog
 18426 | Lair:3   | Reached skill level 13 in Shields
 18488 | Lair:3   | Noticed Rupert
 18504 | Lair:3   | Killed Rupert
 18587 | Lair:3   | Found a burning altar of Makhleb.
 20690 | Lair:5   | Reached skill level 14 in Shields
 21231 | Lair:5   | Found a staircase to the Swamp.
 21309 | Lair:5   | Found a staircase to the Snake Pit.
 21332 | Lair:5   | Received a gift from Trog
 22289 | Lair:6   | Found a staircase to the Slime Pits.
 22289 | Lair:6   | Found a viscous altar of Jiyva.
 22331 | Lair:6   | Reached skill level 15 in Shields
 22470 | Lair:6   | Reached XP level 14. HP: 92/94 MP: 15/15
 22975 | Lair:7   | Gained mutation: You are covered in fur (AC +1). [potion of mutation]
 22976 | Lair:7   | Gained mutation: You have supernaturally acute eyesight. [potion of mutation]
 22976 | Lair:7   | Lost mutation: Your body is slowly deteriorating. [potion of mutation]
 23031 | Lair:7   | Received a gift from Trog
 24209 | Lair:8   | Entered Level 8 of the Lair of Beasts
 24369 | Lair:8   | Found a labyrinth entrance.
 24379 | Lab      | Entered a labyrinth
 25167 | Lab      | Identified the Guide on Floating Malediction (You found it in a labyrinth)
 25184 | Lab      | Received a gift from Trog
 25971 | Lair:8   | Reached skill level 10 in Short Blades
 26311 | Lair:8   | Received a gift from Trog
 26763 | Lair:8   | Found a burning altar of Makhleb.
 26945 | Lair:8   | Reached XP level 15. HP: 100/100 MP: 16/16
 27068 | Lair:8   | Found a gateway to Hell.
 27835 | D:13     | Received a gift from Trog
 27843 | D:13     | Got a polished triple sword {god gift}
 28015 | D:13     | Found a frozen archway.
 28126 | D:13     | Identified the +9 triple sword of the Establishment {distort, rN+ Str+3 Dex+3} (Trog gifted it to you on level 13 of the Dungeon)
 28127 | D:13     | Cast into the Abyss (a distortion unwield)
 28136 | Abyss:1  | Found an iron altar of Okawaru.
 28219 | D:13     | Escaped the Abyss
 28234 | IceCv    | Entered an ice cave
 28487 | IceCv    | Got a bloodstained scimitar
 28967 | IceCv    | Noticed abixa's ghost (powerful MiBe)
 28997 | IceCv    | Killed abixa's ghost
 29108 | IceCv    | Noticed a frost giant
 29143 | IceCv    | Received a gift from Trog
 29175 | IceCv    | Reached skill level 15 in Dodging
 29254 | IceCv    | Killed a frost giant
 29705 | D:13     | Identified the cursed +3 scimitar of Sin {flame, rPois Str+3 Dex-5} (You found it in an ice cave)
 29721 | D:13     | Identified Mastering Spellweaving
 30688 | D:14     | Found a gate to the Vaults.
 30929 | D:14     | Found an iron altar of Okawaru.
 31171 | D:15     | Entered Level 15 of the Dungeon
 31171 | D:15     | Found a sacrificial altar of Ru.
 31467 | D:15     | Found a staircase to the Depths.
 31726 | D:15     | Reached XP level 16. HP: 107/107 MP: 17/17
 33030 | Orc:1    | Entered Level 1 of the Orcish Mines
 33318 | Orc:1    | Received a gift from Trog
 33623 | Orc:2    | Found Yruasur's Assorted Antiques.
 34294 | Orc:3    | Found a radiant altar of Vehumet.
 34403 | Orc:3    | Found Ysabli's Jewellery Boutique.
 34404 | Orc:3    | Found a staircase to the Elven Halls.
 34412 | Orc:3    | Bought an uncursed ring of poison resistance for 280 gold pieces
 34412 | Orc:3    | Bought an uncursed ring of stealth for 245 gold pieces
 34553 | Orc:3    | Received a gift from Trog
 35157 | Orc:4    | Entered Level 4 of the Orcish Mines
 35178 | Orc:4    | Found Pheliodeas' Gadget Emporium.
 35390 | Orc:4    | Reached skill level 15 in Short Blades
 35514 | Orc:4    | Received a gift from Trog
 35515 | Orc:4    | Got a brightly glowing rapier {god gift}
 35517 | Orc:4    | Identified the +10 rapier "Killer Bee's Bane" {drain, rPois rC+ Int-2} (Trog gifted it to you on level 4 of the Orcish Mines)
 35769 | Orc:4    | Found Hosiylo's General Store.
 35776 | Orc:4    | Found Cauqeka's Distillery.
 35939 | Orc:4    | Received a gift from Trog
 35940 | Orc:4    | Got a smoking short sword {god gift}
 35941 | Orc:4    | Identified the +5 short sword of the Crawling Thing {pierce, Contam +Blink +Rage rN+ Int+6} (Trog gifted it to you on level 4 of the Orcish Mines)
 35966 | Orc:4    | Bought a scroll of identify for 32 gold pieces
 35966 | Orc:4    | Bought a meat ration for 80 gold pieces
 35966 | Orc:4    | Bought a scroll of magic mapping for 56 gold pieces
 35966 | Orc:4    | Bought a scroll of fear for 56 gold pieces
 35966 | Orc:4    | Gained mutation: You are weak. (Str -2) [mutagenic glow]
 36300 | Orc:4    | Found Evuett's Antique Weapon Boutique.
 36300 | Orc:4    | Found Stret's Gadget Shop.
 36435 | Orc:4    | Reached skill level 16 in Short Blades
 36458 | Orc:4    | Found a one-way gate leading to the halls of Pandemonium.
 36635 | Orc:4    | Received a gift from Trog
 37056 | Orc:3    | Bought an uncursed ring of protection from fire for 350 gold pieces
 37422 | Swamp:1  | Entered Level 1 of the Swamp
 37707 | Swamp:1  | Reached skill level 10 in Fighting
 37952 | Swamp:1  | Noticed Sonja
 37960 | Swamp:1  | Killed Sonja
 37960 | Swamp:1  | Reached XP level 17. HP: 83/115 MP: 18/18
 38387 | Swamp:2  | Noticed a spectral shard shrike
 38390 | Swamp:2  | Received a gift from Trog
 39548 | Swamp:3  | Received a gift from Trog
 40405 | Swamp:5  | Entered Level 5 of the Swamp
 40721 | Swamp:5  | Received a gift from Trog
 41300 | Swamp:5  | Reached XP level 18. HP: 115/132 MP: 19/19
 41344 | Swamp:5  | Reached skill level 15 in Fighting
 41372 | Swamp:5  | Got a decaying rune of Zot
 41984 | Snake:1  | Entered Level 1 of the Snake Pit
 42679 | Snake:2  | Received a gift from Trog
 44048 | Snake:3  | Received a gift from Trog
 44114 | Snake:3  | Reached skill level 15 in Stealth
 45286 | Snake:4  | Received a gift from Trog
 45437 | Snake:4  | Reached skill level 17 in Stealth
 45545 | Snake:5  | Entered Level 5 of the Snake Pit
 45642 | Snake:5  | Noticed Agnes
 45678 | Snake:5  | Reached XP level 19. HP: 141/141 MP: 19/19
 45744 | Snake:5  | Killed Agnes
 45744 | Snake:5  | Reached skill level 18 in Stealth
 45807 | Snake:5  | Received a gift from Trog
 46175 | Snake:5  | Found an opulent altar of Gozag.
 46345 | Snake:5  | Reached skill level 19 in Stealth
 46634 | Snake:5  | Noticed Aizul
 46911 | Snake:5  | Killed Aizul
 46911 | Snake:5  | Received a gift from Trog
 46911 | Snake:5  | Reached skill level 20 in Stealth
 47290 | Snake:5  | Noticed Wiglaf
 47312 | Snake:5  | Killed Wiglaf
 47438 | Snake:5  | Reached skill level 21 in Stealth
 47550 | Snake:5  | Received a gift from Trog
 47876 | Snake:5  | Got a serpentine rune of Zot
 48366 | D:9      | Bought a +5 ring of dexterity for 494 gold pieces
 48580 | Vaults:1 | Entered Level 1 of the Vaults
 48603 | Vaults:1 | Reached skill level 22 in Stealth
 48988 | Vaults:1 | Reached XP level 20. HP: 96/147 MP: 20/20
 49200 | Vaults:1 | Found Gozag's Antique Weapon Emporium.
 49202 | Vaults:1 | Found an opulent altar of Gozag.
 49202 | Vaults:1 | Found Gozag's Assorted Antiques.
 49224 | Vaults:1 | Found Gozag's Assorted Antiques.
 49308 | Vaults:1 | Reached skill level 23 in Stealth
 49735 | Vaults:1 | Received a gift from Trog
 49768 | Vaults:1 | Reached skill level 24 in Stealth
 50435 | Vaults:1 | Received a gift from Trog
 50723 | Vaults:2 | Found a staircase to the Crypt.
 50776 | Vaults:2 | Reached skill level 25 in Stealth
 51362 | Vaults:2 | Received a gift from Trog
 51392 | Vaults:2 | Reached XP level 21. HP: 153/153 MP: 22/22
 51395 | Vaults:2 | Reached skill level 26 in Stealth
 51801 | Vaults:3 | Found Qaana's Jewellery Shop.
 51806 | Vaults:3 | Bought an uncursed ring of stealth for 245 gold pieces
 52188 | Vaults:3 | Paralysed by a great orb of eyes for 3 turns
 52190 | Vaults:3 | Demolished by a vault warden

Action                   |  1- 3 |  4- 6 |  7- 9 | 10-12 | 13-15 | 16-18 | 19-21 || total
-------------------------+-------+-------+-------+-------+-------+-------+-------++-------
Melee: Short sword       |    43 |   153 |   286 |  1024 |  2923 |   606 |       ||  5035
       Dagger            |    57 |       |       |       |       |       |       ||    57
       Unarmed           |       |     3 |       |       |       |       |       ||     3
       Rapier            |       |    13 |       |       |       |  1904 |  1493 ||  3410
 Fire: Blowgun           |       |       |    14 |    22 |    36 |     6 |     7 ||    85
Throw: Javelin           |       |       |     3 |       |    24 |     2 |       ||    29
       Tomahawk          |       |       |       |     1 |     3 |       |       ||     4
Invok: Berserk           |     2 |     1 |     4 |    12 |    24 |    12 |    12 ||    67
       Trog's Hand       |       |       |     6 |     9 |    13 |     8 |     6 ||    42
       Brothers in Arms  |       |       |       |     5 |     5 |     1 |     6 ||    17
       Burn Spellbooks   |       |       |       |     3 |     2 |       |       ||     5
Evoke: Wand              |       |     1 |     5 |       |     5 |       |       ||    11
       Lamp of fire      |       |       |       |       |     1 |       |       ||     1
       Sack of spiders   |       |       |       |       |     1 |       |       ||     1
  Use: Scroll            |     2 |     5 |     2 |    14 |    14 |     7 |     6 ||    50
       Potion            |       |       |     2 |     4 |     6 |     4 |    23 ||    39
 Stab: Sleeping          |     4 |     2 |     9 |    58 |    80 |    94 |    48 ||   295
       Paralysed         |       |     1 |     4 |       |       |       |       ||     5
       Distracted        |       |       |     2 |     6 |     3 |     9 |     5 ||    25
       Fleeing           |       |       |       |       |     2 |       |       ||     2
  Eat: Chunk             |     4 |     3 |     5 |    19 |    17 |    22 |    18 ||    88
       Bread ration      |       |     2 |     1 |     5 |     4 |     2 |     1 ||    15
       Fruit             |       |       |     6 |     8 |    10 |     4 |     5 ||    33
       Meat ration       |       |       |     1 |       |     4 |     6 |     2 ||    13
       Pizza             |       |       |       |     1 |     4 |       |       ||     5
       Beef jerky        |       |       |       |       |     7 |     2 |     1 ||    10
       Royal jelly       |       |       |       |       |     3 |       |     1 ||     4
